 Dungeon Crawl Stone Soup version 0.19-a0-1490-g5dd3618 (webtiles) character file.

1051 Crabhammer the Firebug (level 8, 0/72 HPs)
             Began as a Naga Fire Elementalist on Sept 9, 2016.
             Slain by an orc
             ... wielding a +0 trident
              (6 damage)
             ... on level 5 of the Dungeon.
             The game lasted 00:22:22 (4699 turns).

Crabhammer the Firebug (Naga Fire Elementalist)     Turns: 4699, Time: 00:22:22

Health: 0/72       AC:  3    Str: 11    XL:     8   Next: 26%
Magic:  4/15       EV: 10    Int: 18    God:
Gold:   243        SH:  0    Dex: 11    Spells: 5 memorised, 3 levels left

rFire  . . .     SeeInvis +     C - +0 lajatang
rCold  . . .     Gourm    +     a - +0 robe
rNeg   . . .     Faith    .     (shield currently unavailable)
rPois  +         Spirit   .     (no helmet)
rElec  .         Dismiss  .     (no cloak)
rCorr  +         Reflect  .     (no gloves)
MR     +....     Harm     .     (no barding)
Stlth  ++........               f - amulet of the gourmand
                                (no ring)
                                q - ring of resist corrosion

@: very slightly contaminated, very slow
A: see invisible, deformed body, poison resistance, slowness 2, slow metabolism
1, spit poison 1, AC +2
a: Spit Poison


You were on level 5 of the Dungeon.
You were completely stuffed.

You visited 1 branch of the dungeon, and saw 5 of its levels.

You collected 243 gold pieces.

Inventory:

Hand Weapons
 C - a +0 lajatang (weapon)
Armour
 a - a +0 robe (worn)
 y - a cursed +0 robe
Jewellery
 f - an amulet of the gourmand (around neck)
 q - a ring of resist corrosion (left hand)
Scrolls
 d - 4 scrolls of teleportation {unknown}
 e - 4 scrolls of identify {unknown}
 g - 3 scrolls of magic mapping {unknown}
 j - a scroll of enchant armour {unknown}
 l - 3 scrolls of remove curse {unknown}
 p - 2 scrolls of amnesia {unknown}
 r - a scroll of fear {unknown}
 s - 2 scrolls of noise {unknown}
 v - 2 scrolls of immolation {unknown}
Potions
 h - 2 potions of berserk rage {unknown}
 i - 2 potions of cancellation {unknown}
 n - a potion of might {unknown}
 t - a potion of flight {unknown}
 u - a potion of ambrosia {unknown}
 w - a potion of degeneration {unknown}
 x - 2 potions of experience {unknown}
 z - 2 potions of curing {unknown}
 B - a potion of haste {unknown}
Books
 b - a book of Flames

   Spells                             Type                      Level
   a - Flame Tongue                   Conjuration/Fire             1
   b - Throw Flame                    Conjuration/Fire             2
   c - Conjure Flame                  Conjuration/Fire             3
   d - Inner Flame                    Hexes/Fire                   3
   e - Sticky Flame                   Conjuration/Fire             4
   f - Fireball                       Conjuration/Fire             5
Comestibles
 c - 3 bread rations
 k - 2 royal jellies
 m - 2 meat rations
 o - 3 beef jerkies
 A - 2 fruits


   Skills:
 * Level 4.0 Fighting
 - Level 1.5 Dodging
 - Level 3.0 Stealth
 + Level 4.8 Spellcasting
 + Level 4.4 Conjurations
 + Level 5.9 Fire Magic


You had 3 spell levels left.
You knew the following spells:

 Your Spells              Type           Power        Failure   Level  Hunger
a - Flame Tongue          Conj/Fire      ###..        1%          1    None
b - Throw Flame           Conj/Fire      ###...       2%          2    #......
c - Conjure Flame         Conj/Fire      ###.....     6%          3    ###....
d - Sticky Flame          Conj/Fire      ###.....     21%         4    ####...
e - Inner Flame           Hex/Fire       ##......     14%         3    ###....


Dungeon Overview and Level Annotations

Branches:
Dungeon (5/15)
 Temple: D:4-7

Altars:
Ashenzari
Fedhas
Gozag
Kikubaaqudgha
Trog
Vehumet


Innate Abilities, Weirdness & Mutations

You cannot wear boots.
Your serpentine skin is tough. (AC +2)
You have supernaturally acute eyesight. (SInv)
Armour fits poorly on your strangely shaped body.
Your system is resistant to poisons. (rPois)
You cover ground very slowly.
You have a slow metabolism.
You can spit poison.


Message History

Aim: an orc, wielding a trident (severely wounded)
The flame tongue misses the orc.
The orc hits you from afar with a trident.
* * * LOW HITPOINT WARNING * * *
Casting: Flame Tongue
Confirm with . or Enter, or press ? or * to list all spells.
Aiming: Flame Tongue
Press: ? - help, Shift-Dir - straight line, f/p - orc
Aim: an orc, wielding a trident (severely wounded)
You miscast Flame Tongue.
Nothing appears to happen.
The orc hits you from afar with a trident.
* * * LOW HITPOINT WARNING * * *
Casting: Flame Tongue
Confirm with . or Enter, or press ? or * to list all spells.
Aiming: Flame Tongue
Press: ? - help, Shift-Dir - straight line, f/p - orc
Aim: an orc, wielding a trident (severely wounded)
The flame tongue misses the orc.
The orc hits you from afar with a trident.
You die...

#.....# #........# #...#.#
#........# #...#.# #>.......#
#...#.## #........# ##.##..#
#........####
#.###.#####...........#
##.###....o)........##.###
#.........##........##..o#
####..######@##........####..
#.....# #.##........# ###
#.....# #.########### #...#.#
#...# #...#.# ###.####
#.....# #.>..## ###
#.....###### ####..### #..
#....##....### ##...######.#
#...##......)## ###........#


You could see an orc.

Vanquished Creatures
  An ice beast (D:4)
  2 phantoms
  A centaur (D:5)
  2 scorpions (D:4)
  A vampire bat (D:3)
  2 howler monkeys (D:5)
  A crimson imp (D:5)
  A jelly (D:5)
  3 orc wizards (D:4)
  A giant frog skeleton (D:4)
  An orc priest (D:5)
  3 gnolls (D:5)
  11 adders
  2 oozes
  An adder skeleton (D:4)
  6 worms
  3 dart slugs
  3 giant geckos
  17 orcs
  2 bat skeletons (D:3)
  3 bat zombies (D:3)
  4 giant cockroaches
  7 goblins
  9 hobgoblins
  9 jackals
  A quokka (D:5)
  A ball python (D:4)
  7 bats
  2 giant newts
  6 kobolds
  A quokka skeleton (D:5)
  9 rats
123 creatures vanquished.

Notes
Turn   | Place    | Note
-------+----------+-------------------------------------------
     0 | D:1      | Crabhammer the Naga Fire Elementalist began the quest for the Orb.
     0 | D:1      | Reached XP level 1. HP: 15/15 MP: 3/3
   152 | D:1      | Reached XP level 2. HP: 22/22 MP: 3/5
   344 | D:1      | Learned a level 2 spell: Throw Flame
   454 | D:1      | Reached XP level 3. HP: 13/28 MP: 0/6
   719 | D:1      | Reached skill level 4 in Fire Magic
   879 | D:1      | Reached skill level 1 in Fighting
  1160 | D:2      | Reached XP level 4. HP: 38/38 MP: 5/7
  1298 | D:2      | Found a blossoming altar of Fedhas.
  1767 | D:3      | Found an opulent altar of Gozag.
  1869 | D:3      | Reached XP level 5. HP: 41/44 MP: 5/9
  2054 | D:3      | Found a radiant altar of Vehumet.
  2096 | D:3      | Found an ancient bone altar of Kikubaaqudgha.
  2480 | D:3      | You fall through a shaft!
  2612 | D:4      | Reached XP level 6. HP: 40/52 MP: 7/10
  2747 | D:4      | Noticed a phantom
  2759 | D:4      | Killed a phantom
  2759 | D:4      | Reached skill level 5 in Fire Magic
  3115 | D:4      | Reached XP level 7. HP: 61/61 MP: 7/12
  3420 | D:4      | Found a shattered altar of Ashenzari.
  3750 | D:5      | Entered Level 5 of the Dungeon
  3996 | D:5      | Reached XP level 8. HP: 63/72 MP: 2/14
  4233 | D:5      | Learned a level 3 spell: Conjure Flame
  4238 | D:5      | Learned a level 4 spell: Sticky Flame
  4242 | D:5      | Learned a level 3 spell: Inner Flame
  4509 | D:5      | Noticed a moth of wrath
  4533 | D:5      | Found a bloodstained altar of Trog.
  4699 | D:5      | Slain by an orc

Vault maps used:
D:1:      eino_arrival_water_cross, hangedman_abyss_or_decor_lesser_grid
D:2:      fedhas_altar_1, kennysheep_another_room
D:3:      fiery_altar_vehumet, kennysheep_vampire_church,
          overflow_temple_1_default
D:4:      nicolae_overflow_crystal_walls
D:5:      tgw_trog, first_bread

Skill      XL: |  1  2  3  4  5  6  7  8 |
---------------+-------------------------+-----
Fire Magic     | 4 5 |  5.9
Fighting       | 1 2 3 4 |  4.0
Conjurations   | 2 3 4 |  4.4
Spellcasting   | 3 4 |  4.8
Dodging        | |  1.5
Stealth        | |  3.0

Action                   |  1- 3 |  4- 6 |  7- 9 || total
-------------------------+-------+-------+-------++-------
Melee: Unarmed           |    30 |    41 |    19 ||    90
       Lajatang          |       |       |    27 ||    27
 Cast: Flame Tongue      |    42 |   102 |    90 ||   234
       Throw Flame       |     4 |     7 |     6 ||    17
       Conjure Flame     |       |       |     1 ||     1
       Inner Flame       |       |       |     1 ||     1
 Abil: Spit Poison       |     4 |     7 |     8 ||    19
 Stab: Sleeping          |       |     2 |     1 ||     3
  Eat: Chunk             |     1 |    14 |     6 ||    21
Armor: Robe              |    10 |    33 |    14 ||    57
Dodge: Dodged            |    27 |    78 |    47 ||   152
